 Dungeon Crawl Stone Soup version 0.19-a0-277-g85cb9a5 (webtiles) character file.

210 Lugonue the Firebug (level 5, -3/33 HPs)
             Began as a High Elf Fire Elementalist on May 26, 2016.
             Slain by a worker ant (8 damage)
             ... on level 3 of the Dungeon.
             The game lasted 00:14:31 (3332 turns).

Lugonue the Firebug (High Elf Fire Elementalist)    Turns: 3332, Time: 00:14:32

Health: -3/33      AC:  3    Str:  5 (8)  XL:     5   Next: 57%
Magic:  2/11       EV: 13    Int: 16 (19) God:
Gold:   190        SH:  0    Dex: 13 (15) Spells: 3 memorised, 3 levels left

rFire  . . .     SeeInvis .     e - +4 dagger
rCold  . . .     Gourm    .     a - +1 robe
rNeg   + . .     Faith    .     (no shield)
rPois  .         Spirit   .     (no helmet)
rElec  .         Dismiss  .     (no cloak)
rCorr  .         Reflect  .     (no gloves)
SustAt .         Harm     .     (no boots)
MR     .....                    (no amulet)
Stlth  ++........               (no ring)
                                j - ring of positive energy

@: lethally poisoned (-3 -> -4), very slightly contaminated, drained, not
resistant to hostile enchantments, unstealthy
A: no striking features
a: no special abilities


You were on level 3 of the Dungeon.
You were hungry.

You visited 1 branch of the dungeon, and saw 4 of its levels.

You collected 190 gold pieces.

Inventory:

Hand Weapons
 d - a +1 dagger
 e - a +4 dagger (weapon)
Armour
 a - a +1 robe (worn)
Jewellery
 h - a +1 ring of slaying {unknown}
 j - a ring of positive energy (left hand)
Wands
 q - a wand of polymorph (5/24)
Scrolls
 f - a scroll of amnesia
 i - 2 scrolls of remove curse
Books
 b - a book of Flames

   Spells                             Type                      Level
   a - Flame Tongue                   Conjuration/Fire             1
   b - Throw Flame                    Conjuration/Fire             2
   c - Conjure Flame                  Conjuration/Fire             3
   d - Inner Flame                    Hexes/Fire                   3
   e - Sticky Flame                   Conjuration/Fire             4
   f - Fireball                       Conjuration/Fire             5
 s - a book of Power

   Spells                             Type                      Level
   a - Fulminant Prism                Conjuration/Hexes            4
   b - Iskenderun's Mystic Blast      Conjuration                  4
   c - Venom Bolt                     Conjuration/Poison           5
   d - Bolt of Magma                  Conjuration/Fire/Earth       5
   e - Iron Shot                      Conjuration/Earth            6
   f - Orb of Destruction             Conjuration                  7
   g - Spellforged Servitor           Conjuration/Summoning        7
Comestibles
 c - 2 bread rations
 k - a meat ration
 m - 2 slices of pizza
 n - a beef jerky


   Skills:
 * Level 1.3(1.2) Fighting
 + Level 1.0 Short Blades
 + Level 3.1 Dodging
 + Level 3.1(3.0) Stealth
 * Level 3.7(3.6) Spellcasting
 + Level 2.1 Conjurations
 + Level 4.0(3.9) Fire Magic
 + Level 0.4(0.3) Evocations


You had 3 spell levels left.
You knew the following spells:

 Your Spells              Type           Power        Failure   Level  Hunger
a - Flame Tongue          Conj/Fire      ##...        8%          1    None
c - Sticky Flame          Conj/Fire      ##......     63%         4    ####...
d - Conjure Flame         Conj/Fire      ##......     17%         3    ###....


Dungeon Overview and Level Annotations

Branches:
Dungeon (4/15)
 Temple: D:4-7

Altars:
Xom
The Shining One

Annotations:
D:4 Sigmund


Message History

There is a stone staircase leading up here.
The worker ant bites you.
* * * LOW HITPOINT WARNING * * *
You climb upwards.
You feel sick.
There is a stone staircase leading down here.
Casting: Sticky Flame
Confirm with . or Enter, or press ? or * to list all spells.
Okay, then.
Unknown command.
Read which item? (? for menu, Esc to quit)
Okay, then.
Unknown command.
You aren't carrying any potions.
Unknown command.
Unknown command.
The worker ant closely misses you.
You feel sick.
A bat comes into view.
The worker ant bites you!
You die...

#..##.#.###......##...##
###..##.#...#.###.###.#...
#...>...#...#†#<#...(.####
#...........#.#.#######
#...........#.#....#
#......###.##.####.#
#......###...†##...#
######...#######.###
#....a@.......#
#..........######
######...............#
#............#######.#
#..........#.#### #.#
#..........#....# #.#
#........b.####.# #.###
###############.# #...#
#.)..# ###.#


You could see a worker ant and a bat.

Vanquished Creatures
  An orc wizard (D:4)
  A hell rat (D:4)
  Natasha (twice) (D:3)
  4 adders
  An ooze (D:2)
  A worm (D:2)
  2 dart slugs
  2 giant geckos
  A giant cockroach (D:1)
  10 goblins
  7 hobgoblins
  14 jackals
  6 kobolds
  A quokka (D:3)
  4 bats
  A giant newt (D:1)
  4 rats
62 creatures vanquished.

Notes
Turn   | Place    | Note
--------------------------------------------------------------
     0 | D:1      | Lugonue the High Elf Fire Elementalist began the quest for the Orb.
     0 | D:1      | Reached XP level 1. HP: 11/11 MP: 4/4
   441 | D:1      | Reached XP level 2. HP: 15/17 MP: 3/6
   600 | D:1      | Found a glowing golden altar of the Shining One.
  1521 | D:2      | Reached XP level 3. HP: 19/21 MP: 6/8
  1761 | D:2      | Learned a level 3 spell: Conjure Flame
  1817 | D:2      | Reached XP level 4. HP: 27/27 MP: 3/9
  1839 | D:2      | Found a shimmering altar of Xom.
  2588 | D:3      | Learned a level 4 spell: Sticky Flame
  2614 | D:3      | Noticed Natasha
  2657 | D:3      | Killed Natasha
  2828 | D:3      | Noticed Natasha
  2836 | D:3      | Killed Natasha
  2836 | D:3      | Reached skill level 1 in Short Blades
  2836 | D:3      | Reached skill level 4 in Fire Magic
  2836 | D:3      | Reached XP level 5. HP: 17/32 MP: 4/11
  3043 | D:4      | Reached skill level 1 in Fighting
  3319 | D:4      | Noticed Sigmund
  3332 | D:3      | Slain by a worker ant

Vault maps used:
D:1:      minmay_arrival_five_plusses, tso_altar
D:2:      kennysheep_doodads, lemuel_statue_altar
D:3:      uniq_natasha, uniq_robin
D:4:      lemuel_crystal_altar, lemuel_doored_altar, portal_sewer_entry_c,
          first_bread, serial_shops, shop, uniq_sigmund

Skill      XL: |  1  2  3  4  5 |
---------------+----------------+-----
Spellcasting   | 3 |  3.7
Dodging        | 3 |  3.1
Short Blades   | 1 |  1.0
Fire Magic     | 4 |  4.0
Fighting       | 1 |  1.3
Stealth        | 3 |  3.1
Conjurations   | 2 |  2.1
Evocations     | |  0.4

Action                   |  1- 3 |  4- 6 || total
-------------------------+-------+-------++-------
Melee: Dagger            |    75 |    18 ||    93
       Short sword       |       |    43 ||    43
 Cast: Flame Tongue      |    42 |    52 ||    94
       Conjure Flame     |     1 |     3 ||     4
Evoke: Wand              |       |     3 ||     3
  Use: Scroll            |     5 |     5 ||    10
       Potion            |     2 |     6 ||     8
 Stab: Sleeping          |       |     3 ||     3
  Eat: Chunk             |     3 |     2 ||     5
       Fruit             |       |     4 ||     4
Armor: Robe              |    21 |    24 ||    45
Dodge: Dodged            |    78 |   100 ||   178
